AoeStats
← DonphanJoey

Arabia

509481274Analyzed
1v1 RM · 5d ago on Sep 26, 2026· 56m 25s· 2 players
Game mode
Random Map
Map size
Tiny (2 player)
Population
200
Speed
Normal
Resources
Standard
Victory
Conquest
Starting age
Dark Age
Ending age
Imperial Age
RankedLock teamsTeams togetherTeam positionsShared explorationLock speedFull tech treeHidden civsTurbo modeCheats
Victory
Defeat
🇬🇧 Persians · United Kingdom
973
+14
🇨🇱 Danes · Chile
928
-14
DonphanJoey
7:23 Loom
9:14 Feudal Age
10:08 Double-Bit Axe
10:06 Horse Collar
15:49 Scale Barding Armor
15:54 Forging
23:27 Castle Age
22:48 Stone Mining
23:19 Fletching
23:30 Padded Archer Armor
24:04 Bodkin Arrow
26:05 Bow Saw
28:36 Thumb Ring
30:42 Leather Archer Armor
32:53 Husbandry
33:03 Bloodlines
32:14 Light Cavalry
39:00 Imperial Age
37:11 Wheelbarrow
36:22 Town Watch
37:10 Parthian Tactics
41:14 Ballistics
41:39 Stone Shaft Mining
41:58 Hand Cart
41:44 Town Patrol
42:55 Two-Man Saw
41:58 Heavy Plow
41:28 Hussar
43:34 Chain Barding Armor
43:49 Iron Casting
42:54 Heavy Cavalry Archer
45:15 Conscription
45:31 Hoardings
45:09 Kamandaran
45:22 Citadels
45:56 Crop Rotation
47:05 Gold Mining
49:32 Gold Shaft Mining
49:44 Ring Archer Armor
49:50 Plate Barding Armor
49:58 Iron Casting
57:13 Blast Furnace
Ignvxiooo
0:34 Loom
1:39 Loom
3:22 Loom
3:53 Loom
8:08 Loom
10:06 Feudal Age
10:58 Double-Bit Axe
10:59 Man-at-Arms
23:29 Castle Age
23:15 Fletching
36:00 Padded Archer Armor
36:48 Bodkin Arrow
37:09 Leather Archer Armor
39:10 Thumb Ring
43:18 Imperial Age
42:46 Bow Saw
42:23 Horse Collar
45:10 Ballistics
46:05 Chemistry
44:44 Cranequins
45:36 Heavy Plow
47:29 Bracer
48:07 Ring Archer Armor
47:37 Elite Skirmisher
52:14 Conscription
52:50 Murder Holes
53:51 Heavy Mounted Crossbowman
Connection lost

Rejoining the realm…

Still unreachable

The connection could not be restored.

Session expired

The server has moved on; the page needs a fresh start.